Arizona Coyotes vs Philadelphia Flyers
Created - Sunday, September 22, 2024 at 06:48
Goals
|
| Arizona Coyotes |
1 |
3 |
0 |
4 |
| Philadelphia Flyers |
0 |
1 |
1 |
2 |
|
Shots
|
| Arizona Coyotes |
9 |
11 |
11 |
31 |
| Philadelphia Flyers |
7 |
7 |
13 |
27 |
|
1st period
1. Arizona Coyotes , Mats Zuccarello 11 (Charlie Coyle 17, Ross Colton 3) at 13:14
Penalties :
Anthony Deangelo (AZC) for Hooking (Minor) at 8:54, Mason McTavish (AZC) for Tripping (Minor) at 14:17, Radko Gudas (AZC) for Holding Stick (Minor) at 19:12
2nd period
2. Arizona Coyotes , Ryan Donato 5 (Zach Parise 5, Tyler Seguin 11) at 1:26
3. Arizona Coyotes , Mats Zuccarello 12 (Charlie Coyle 18, Tyler Seguin 12) at 5:43
4. Arizona Coyotes , Ross Colton 7 (Tyler Seguin 13, Brayden McNabb 2) at 6:48
5. Philadelphia Flyers , Bryan Rust 12 (Andrew Copp 10, Connor Ingram) at 12:33
Penalties :
Justin Faulk (PHI) for High sticking (Minor) at 5:46, Mason McTavish (AZC) for Tripping (Minor) at 6:15, Bryan Rust (PHI) for Tripping (Minor) at 10:11, Justin Faulk (PHI) for Holding (Minor) at 16:16
3rd period
6. Philadelphia Flyers , Auston Matthews 18 (Marcus Johansson 2, Casey Cizikas 10) at 0:38
Penalties :
Charlie Coyle (AZC) for Tripping (Minor) at 0:44, Erik Haula (AZC) for Delaying the game (Minor) at 12:02
Goalie Stats
Petr Mrazek (AZC), 25 saves from 27 shots - (0.926), W, 10-9-3, 60:00 minutes
Connor Ingram (PHI), 27 saves from 31 shots - (0.871), L, 11-5-3, 60:00 minutes
Players Stats for Arizona Coyotes
Player Name G A P +/- PIM S H SB GA TA FO MP PP MP PK MP
------------------------------------------------------------------------------------
Anthony Deangelo 0 0 0 -1 2 0 1 0 0 0 0/0 13:19 0:00 1:05
Brandon Tanev 0 0 0 -1 0 0 0 0 0 0 0/0 13:29 2:07 0:40
Brayden McNabb 0 1 1 3 0 1 1 0 1 1 0/0 23:15 2:00 4:59
Charlie Coyle 0 2 2 2 2 4 2 0 0 0 10/29 21:35 1:27 3:58
Erik Haula 0 0 0 -1 2 0 1 0 1 0 0/1 12:41 2:07 0:00
Jakob Silfverberg 0 0 0 0 0 2 0 0 0 0 0/0 8:08 0:47 0:00
Jani Hakanpaa 0 0 0 0 0 1 1 4 0 1 0/0 24:34 2:27 5:25
Jared Spurgeon 0 0 0 0 0 2 1 1 0 0 0/0 24:34 2:27 5:25
Mark Jankowski 0 0 0 0 0 0 0 1 0 0 1/3 7:40 0:19 0:00
Mason McTavish 0 0 0 -1 4 2 0 1 3 0 5/9 17:50 1:21 3:53
Mats Zuccarello 2 0 2 2 0 6 3 0 1 0 1/1 22:49 1:27 5:11
Matt Dumba 0 0 0 -1 0 2 1 0 0 1 0/0 12:11 0:00 0:00
Ondrej Palat 0 0 0 0 0 2 0 3 0 0 0/0 7:21 0:00 0:00
Radko Gudas 0 0 0 3 2 1 3 3 0 0 0/0 22:16 2:00 3:54
Ross Colton 1 1 2 1 0 1 1 0 0 0 4/4 11:19 0:44 0:00
Ryan Donato 1 0 1 0 0 6 2 0 0 0 0/0 11:43 0:50 0:41
Tyler Seguin 0 3 3 3 0 1 0 0 0 0 2/6 21:30 2:05 4:39
Zach Parise 0 1 1 0 0 0 1 0 0 0 1/1 11:46 0:06 1:46
Players Stats for Philadelphia Flyers
Player Name G A P +/- PIM S H SB GA TA FO MP PP MP PK MP
------------------------------------------------------------------------------------
Alexander Wennberg 0 0 0 0 0 1 1 0 0 0 0/0 17:06 5:16 2:14
Andrew Copp 0 1 1 0 0 2 0 0 0 0 9/15 15:57 5:18 0:07
Auston Matthews 1 0 1 1 0 4 0 1 0 0 4/10 17:34 5:06 0:31
Ben Chiarot 0 0 0 0 0 0 1 0 0 0 0/0 15:19 0:15 0:16
Bryan Rust 1 0 1 1 2 3 1 2 0 0 0/0 17:21 5:06 0:00
Casey Cizikas 0 1 1 -1 0 1 1 0 0 0 12/19 13:01 0:03 2:14
Connor Murphy 0 0 0 -1 0 0 2 2 0 0 0/0 15:14 0:00 1:55
Jonas Brodin 0 0 0 -1 0 1 2 0 0 1 0/0 23:07 5:00 2:32
Justin Faulk 0 0 0 -2 4 2 3 1 0 1 0/0 21:29 5:11 0:44
Marcus Johansson 0 1 1 -1 0 2 0 0 0 0 0/0 17:22 5:00 2:06
Matt Duchene 0 0 0 0 0 2 1 0 1 1 0/1 15:24 5:16 0:00
Matt Roy 0 0 0 0 0 1 0 1 0 0 0/0 16:58 0:15 1:55
Radek Faksa 0 0 0 -2 0 0 0 1 0 0 4/6 14:11 0:00 1:30
Sean Kuraly 0 0 0 -2 0 3 2 1 1 0 0/0 12:28 0:00 0:00
Sonny Milano 0 0 0 -2 0 2 0 1 1 0 0/1 12:22 0:00 0:00
Trevor van Riemsdyk 0 0 0 1 0 0 0 0 0 2 0/0 14:41 0:00 1:32
Tyler Johnson 0 0 0 -2 0 1 0 1 0 1 0/1 17:45 5:09 0:12
Vladimir Tarasenko 0 0 0 2 0 2 1 0 0 0 1/1 16:41 5:05 0:00
3 Stars
1 - Mats Zuccarello (AZC)
2 - Tyler Seguin (AZC)
3 - Ross Colton (AZC)
Power Play
Arizona Coyotes - 0 on 3 Attempt(s) - 0.00%
Philadelphia Flyers - 0 on 6 Attempt(s) - 0.00%
Penalty Kill
Arizona Coyotes - 6 on 6 Attempt(s) - 100.00%
- Score 0 goal in Penalty Kill
Philadelphia Flyers - 3 on 3 Attempt(s) - 100.00%
- Score 0 goal in Penalty Kill
Team Stat
Arizona Coyotes - Hits : 18 - Faceoff Wins : 24 - Blocked Shots : 13 - Penalty Minutes : 12
Philadelphia Flyers - Hits : 15 - Faceoff Wins : 30 - Blocked Shots : 11 - Penalty Minutes : 6
Official
Referees : Chris Lee and Morgan Macphee
Linesman : Travis Gawryletz and Bryan Pancich
Game Notes
9:04 of 1st period - Philadelphia Flyers goal is going for a video replay. After video review, No Goal. The referee deems the play has been stopped, even if he had not physically had the opportunity to stop play by blowing his whistle.
6:48 of 2nd period - Arizona Coyotes goal is going for a video replay. After video review, Goal.
Finance
Level 1 -- Attendance: 6000 (100.00%) -- Ticket Income $546,000
Level 2 -- Attendance: 4946 (98.92%) -- Ticket Income $257,192
Level 3 -- Attendance: 2807 (93.57%) -- Ticket Income $78,596
Level 4 -- Attendance: 4682 (93.64%) -- Ticket Income $84,276
Luxury Box -- Attendance: 905 (90.50%) -- Ticket Income $171,950
Game was played at the Wells Fargo Center.
Total Attendance: 19340 (96.70%)
Total Ticket Income: $1,138,014
Other Income: $398,305
Total Income: $1,536,319
Arizona Coyotes
5 vs 5 Forward
Center Left Wing Right Wing Time % Phy DF OF
1 Charlie Coyle Mats Zuccarello Tyler Seguin 40 0 2 3
2 Mason McTavish Erik Haula Brandon Tanev 30 0 2 3
3 Ross Colton Zach Parise Ryan Donato 20 1 3 1
4 Mark Jankowski Jakob Silfverberg Ondrej Palat 10 1 3 1
5 vs 5 Defense
Defense Defense Time % Phy DF OF
1 Jared Spurgeon Jani Hakanpaa 40 1 3 1
2 Radko Gudas Brayden McNabb 35 1 3 1
3 Matt Dumba Anthony Deangelo 25 1 3 1
4 Jared Spurgeon Jani Hakanpaa 0 1 2 2
PowerPlay Forward
Center Left Wing Right Wing Time % Phy DF OF
1 Charlie Coyle Mats Zuccarello Tyler Seguin 50 1 1 3
2 Mason McTavish Erik Haula Brandon Tanev 50 1 1 3
PowerPlay Defense
Defense Defense Time % Phy DF OF
1 Jared Spurgeon Jani Hakanpaa 50 1 3 1
2 Radko Gudas Brayden McNabb 50 1 1 3
Penalty Kill 4 Players Forward
Center Wing Time % Phy DF OF
1 Charlie Coyle Mats Zuccarello 50 1 3 1
2 Tyler Seguin Mason McTavish 50 1 3 1
Penalty Kill 4 Players Defense
Defense Defense Time % Phy DF OF
1 Jared Spurgeon Jani Hakanpaa 50 1 3 1
2 Radko Gudas Brayden McNabb 50 1 3 1
Penalty Kill - 3 Players Forward
Forward Time % Phy DF OF
1 Ross Colton 50 1 3 1
2 Mark Jankowski 50 1 3 1
Penalty Kill - 3 Players Defense
Defense Defense Time % Phy DF OF
1 Matt Dumba Radko Gudas 55 1 3 1
2 Anthony Deangelo Brayden McNabb 45 1 3 1
4 vs 4 Forward
Center Wing Time % Phy DF OF
1 Charlie Coyle Mats Zuccarello 50 1 1 3
2 Tyler Seguin Mason McTavish 50 1 1 3
4 vs 4 Defense
Defense Defense Time % Phy DF OF
1 Jared Spurgeon Jani Hakanpaa 50 1 3 1
2 Radko Gudas Brayden McNabb 50 1 3 1
Last Minutes Offensive
Center Left Wing Right Wing Defense Defense
Charlie Coyle Mats Zuccarello Tyler Seguin Jared Spurgeon Jani Hakanpaa
Last Minutes Defensive
Center Left Wing Right Wing Defense Defense
Charlie Coyle Mats Zuccarello Tyler Seguin Jared Spurgeon Jani Hakanpaa
Goaltenders
Starting : Petr Mrazek
Backup : Carter Hart
Extra Forwards
Normal : Ross Colton, Ryan Donato, Zach Parise - PP : Ross Colton, Ryan Donato - PK : Zach Parise
Extra Defensemen
Normal : Matt Dumba, Anthony Deangelo, Radko Gudas - PP : Matt Dumba - PK : Anthony Deangelo, Radko Gudas
Penalty Shots
Charlie Coyle, Mats Zuccarello, Tyler Seguin, Mason McTavish, Erik Haula
Scratches
Jayden Struble (Healthy), Ondrej Pavel (Healthy), Scott Reedy (Healthy), Elvis Merzlikins (Healthy)
Philadelphia Flyers
5 vs 5 Forward
Center Left Wing Right Wing Time % Phy DF OF
1 Auston Matthews Bryan Rust Vladimir Tarasenko 25 0 3 2
2 Andrew Copp Matt Duchene Alexander Wennberg 25 0 3 2
3 Casey Cizikas Tyler Johnson Marcus Johansson 25 1 3 1
4 Radek Faksa Sean Kuraly Sonny Milano 25 1 3 1
5 vs 5 Defense
Defense Defense Time % Phy DF OF
1 Justin Faulk Jonas Brodin 35 1 3 1
2 Matt Roy Ben Chiarot 35 1 3 1
3 Connor Murphy Trevor van Riemsdyk 30 1 3 1
4 Justin Faulk Jonas Brodin 0 1 3 1
PowerPlay Forward
Center Left Wing Right Wing Time % Phy DF OF
1 Auston Matthews Bryan Rust Vladimir Tarasenko 50 0 1 4
2 Andrew Copp Matt Duchene Alexander Wennberg 50 0 1 4
PowerPlay Defense
Defense Defense Time % Phy DF OF
1 Justin Faulk Tyler Johnson 50 0 2 3
2 Jonas Brodin Marcus Johansson 50 0 2 3
Penalty Kill 4 Players Forward
Center Wing Time % Phy DF OF
1 Casey Cizikas Alexander Wennberg 50 1 3 1
2 Radek Faksa Marcus Johansson 50 1 3 1
Penalty Kill 4 Players Defense
Defense Defense Time % Phy DF OF
1 Justin Faulk Jonas Brodin 50 0 4 1
2 Matt Roy Connor Murphy 50 0 4 1
Penalty Kill - 3 Players Forward
Forward Time % Phy DF OF
1 Casey Cizikas 50 1 4 0
2 Radek Faksa 50 1 4 0
Penalty Kill - 3 Players Defense
Defense Defense Time % Phy DF OF
1 Justin Faulk Jonas Brodin 50 1 4 0
2 Matt Roy Connor Murphy 50 1 4 0
4 vs 4 Forward
Center Wing Time % Phy DF OF
1 Auston Matthews Bryan Rust 50 0 3 2
2 Andrew Copp Vladimir Tarasenko 50 0 3 2
4 vs 4 Defense
Defense Defense Time % Phy DF OF
1 Justin Faulk Jonas Brodin 50 0 3 2
2 Matt Roy Ben Chiarot 50 0 3 2
Last Minutes Offensive
Center Left Wing Right Wing Defense Defense
Auston Matthews Bryan Rust Vladimir Tarasenko Justin Faulk Jonas Brodin
Last Minutes Defensive
Center Left Wing Right Wing Defense Defense
Casey Cizikas Radek Faksa Alexander Wennberg Justin Faulk Jonas Brodin
Goaltenders
Starting : Connor Ingram
Backup : Jake Allen
Extra Forwards
Normal : Matt Duchene, Casey Cizikas, Tyler Johnson - PP : Matt Duchene, Casey Cizikas - PK : Tyler Johnson
Extra Defensemen
Normal : Connor Murphy, Trevor van Riemsdyk, Jonas Brodin - PP : Connor Murphy - PK : Trevor van Riemsdyk, Jonas Brodin
Penalty Shots
Auston Matthews, Matt Duchene, Bryan Rust, Vladimir Tarasenko, Alexander Wennberg
Scratches
Louis Crevier (Healthy), Matt Rempe (Healthy), Jesper Fast (Healthy), Marcel Marcel (Healthy), Daniil Misyul (Healthy)
% Time on Ice - Arizona Coyotes
Lines # - Real PCT - Wanted PCT - Time Play
Normal Forward
1 - 37% - 40% - 16:00
2 - 25% - 30% - 10:46
3 - 22% - 20% - 9:32
4 - 17% - 10% - 7:21
Normal Defense
1 - 37% - 40% - 16:06
2 - 35% - 35% - 15:22
3 - 28% - 25% - 12:11
4 - 0% - 0% - 0:00
PP Forward
1 - 47% - 50% - 2:05
2 - 53% - 50% - 2:22
PP Defense
1 - 55% - 50% - 2:27
2 - 45% - 50% - 2:00
PK Forward
1 - 53% - 50% - 5:29
2 - 47% - 50% - 4:55
PK Defense
1 - 52% - 50% - 5:25
2 - 48% - 50% - 4:59
PK3 Forward
1 - 0% - 50%
2 - 0% - 50%
PK3 Defense
1 - 0% - 55%
2 - 0% - 45%
44 Forward
1 - 43% - 50% - 0:39
2 - 57% - 50% - 0:51
44 Defense
1 - 40% - 50% - 0:36
2 - 60% - 50% - 0:54
Last Minute Offensive - 0:00
Last Minute Defensive - 0:00
Total
Forward - 60:00
Defense - 60:00
|
% Time on Ice - Philadelphia Flyers
Lines # - Real PCT - Wanted PCT - Time Play
Normal Forward
1 - 25% - 25% - 10:58
2 - 23% - 25% - 9:55
3 - 24% - 25% - 10:24
4 - 28% - 25% - 12:22
Normal Defense
1 - 36% - 35% - 15:36
2 - 35% - 35% - 15:17
3 - 29% - 30% - 12:46
4 - 0% - 0% - 0:00
PP Forward
1 - 49% - 50% - 5:06
2 - 51% - 50% - 5:18
PP Defense
1 - 50% - 50% - 5:09
2 - 50% - 50% - 5:15
PK Forward
1 - 50% - 50% - 2:14
2 - 50% - 50% - 2:13
PK Defense
1 - 54% - 50% - 2:25
2 - 46% - 50% - 2:02
PK3 Forward
1 - 0% - 50%
2 - 0% - 50%
PK3 Defense
1 - 0% - 50%
2 - 0% - 50%
44 Forward
1 - 66% - 50% - 0:59
2 - 34% - 50% - 0:31
44 Defense
1 - 37% - 50% - 0:33
2 - 63% - 50% - 0:57
Last Minute Offensive - 0:00
Last Minute Defensive - 0:00
Total
Forward - 60:00
Defense - 60:00
|
Play-by-Play
1st period
0:01 of 1st period - Charlie Coyle wins face-off versus Auston Matthews in neutral zone.
0:45 of 1st period - Wrist shot by Auston Matthews.
0:45 of 1st period - Stopped by Petr Mrazek with a rebound.
1:17 of 1st period - Auston Matthews is hit by Zach Parise and loses puck.
1:24 of 1st period - Snap shot by Ryan Donato.
1:24 of 1st period - Stopped by Connor Ingram with a rebound.
1:26 of 1st period - Slapshot by Jared Spurgeon.
1:26 of 1st period - Stopped by Connor Ingram without a rebound.
1:27 of 1st period - Andrew Copp wins face-off versus Erik Haula in Philadelphia Flyers zone.
1:56 of 1st period - Wrist shot by Charlie Coyle.
1:56 of 1st period - Stopped by Connor Ingram with a rebound.
1:58 of 1st period - Snap shot by Tyler Seguin.
1:58 of 1st period - Deflect By Mats Zuccarello.
1:58 of 1st period - Stopped by Connor Ingram without a rebound.
1:59 of 1st period - Radek Faksa wins face-off versus Charlie Coyle in Philadelphia Flyers zone.
2:26 of 1st period - Wrist shot by Erik Haula.
2:26 of 1st period - Shot Misses the Net.
2:28 of 1st period - Slapshot by Matt Dumba.
2:28 of 1st period - Deflect By Mason McTavish.
2:28 of 1st period - Shot Misses the Net.
2:28 of 1st period - Puck is out of play.
2:29 of 1st period - Andrew Copp wins face-off versus Mason McTavish in Philadelphia Flyers zone.
3:00 of 1st period - Off-side.
3:01 of 1st period - Mark Jankowski wins face-off versus Casey Cizikas in neutral zone.
3:54 of 1st period - Wrist shot by Matt Duchene.
3:54 of 1st period - Shot Blocked by Radko Gudas.
3:56 of 1st period - Snap shot by Andrew Copp.
3:56 of 1st period - Shot Misses the Net.
3:58 of 1st period - Slapshot by Jonas Brodin.
3:58 of 1st period - Stopped by Petr Mrazek without a rebound.
3:59 of 1st period - Casey Cizikas wins face-off versus Charlie Coyle in Arizona Coyotes zone.
5:19 of 1st period - Snap shot by Matt Duchene.
5:19 of 1st period - Stopped by Petr Mrazek without a rebound.
5:20 of 1st period - Andrew Copp wins face-off versus Charlie Coyle in Arizona Coyotes zone.
5:21 of 1st period - Snap shot by Matt Duchene.
5:21 of 1st period - Deflect By Charlie Coyle.
5:21 of 1st period - Stopped by Petr Mrazek without a rebound.
5:22 of 1st period - Radek Faksa wins face-off versus Charlie Coyle in Arizona Coyotes zone.
5:29 of 1st period - Brayden McNabb is hit by Connor Murphy and loses puck.
5:52 of 1st period - Backhand shot by Mason McTavish.
5:52 of 1st period - Stopped by Connor Ingram with a rebound.
6:50 of 1st period - Jakob Silfverberg is hit by Sean Kuraly and loses puck.
6:57 of 1st period - Snap shot by Radek Faksa.
6:57 of 1st period - Shot Misses the Net.
6:59 of 1st period - Wrist shot by Sean Kuraly.
6:59 of 1st period - Shot Misses the Net.
7:38 of 1st period - Wrist shot by Mats Zuccarello.
7:38 of 1st period - Shot Misses the Net.
7:52 of 1st period - Marcus Johansson is hit by Mats Zuccarello and loses puck.
8:13 of 1st period - Wrist shot by Tyler Seguin.
8:13 of 1st period - Stopped by Connor Ingram without a rebound.
8:14 of 1st period - Mason McTavish wins face-off versus Sonny Milano in Philadelphia Flyers zone.
8:54 of 1st period - Minor Penalty to Anthony Deangelo for Hooking.
8:55 of 1st period - Auston Matthews wins face-off versus Tyler Seguin in Arizona Coyotes zone.
9:02 of 1st period - Snap shot by Bryan Rust.
9:02 of 1st period - Shot Misses the Net.
9:04 of 1st period - Wrist shot by Vladimir Tarasenko.
9:04 of 1st period - Philadelphia Flyers goal is going for a video replay.
9:04 of 1st period - The goal is refused. The referee deems the play has been stopped, even if he had not physically had the opportunity to stop play by blowing his whistle..
9:05 of 1st period - Vladimir Tarasenko wins face-off versus Tyler Seguin in Arizona Coyotes zone.
9:06 of 1st period - Slapshot by Auston Matthews.
9:06 of 1st period - Stopped by Petr Mrazek with a rebound.
9:08 of 1st period - Slapshot by Justin Faulk.
9:08 of 1st period - Stopped by Petr Mrazek with a rebound.
9:10 of 1st period - Slapshot by Justin Faulk.
9:10 of 1st period - Shot Blocked by Jani Hakanpaa.
9:12 of 1st period - Slapshot by Tyler Johnson.
9:12 of 1st period - Shot Blocked by Jani Hakanpaa.
9:14 of 1st period - Snap shot by Bryan Rust.
9:14 of 1st period - Deflect By Vladimir Tarasenko.
9:14 of 1st period - Shot Misses the Net.
9:14 of 1st period - Puck is out of play.
9:15 of 1st period - Andrew Copp wins face-off versus Charlie Coyle in Arizona Coyotes zone.
9:42 of 1st period - Radko Gudas is hit by Vladimir Tarasenko and loses puck.
9:47 of 1st period - Wrist shot by Vladimir Tarasenko.
9:47 of 1st period - Shot Misses the Net.
10:47 of 1st period - Marcus Johansson is hit by Radko Gudas and loses puck.
10:54 of 1st period - Penalty to Anthony Deangelo is over, Anthony Deangelo is back on ice.
11:44 of 1st period - Matt Roy is hit by Matt Dumba and loses puck.
12:26 of 1st period - Icing by Anthony Deangelo.
12:27 of 1st period - Casey Cizikas wins face-off versus Mason McTavish in Arizona Coyotes zone.
13:01 of 1st period - Auston Matthews is hit by Jani Hakanpaa and loses puck.
13:14 of 1st period - Snap shot by Charlie Coyle.
13:14 of 1st period - Deflect By Mats Zuccarello.
13:14 of 1st period - Goal by Mats Zuccarello - Arizona Coyotes : 1 - Philadelphia Flyers : 0.
13:15 of 1st period - Charlie Coyle wins face-off versus Andrew Copp in neutral zone.
13:18 of 1st period - Snap shot by Mats Zuccarello.
13:18 of 1st period - Stopped by Connor Ingram without a rebound.
13:19 of 1st period - Charlie Coyle wins face-off versus Andrew Copp in Philadelphia Flyers zone.
13:53 of 1st period - Off-side.
13:54 of 1st period - Mason McTavish wins face-off versus Auston Matthews in neutral zone.
14:17 of 1st period - Minor Penalty to Mason McTavish for Tripping.
14:18 of 1st period - Charlie Coyle wins face-off versus Andrew Copp in Arizona Coyotes zone.
14:43 of 1st period - Tyler Seguin is hit by Justin Faulk and loses puck.
16:17 of 1st period - Penalty to Mason McTavish is over, Mason McTavish is back on ice.
16:28 of 1st period - Erik Haula is hit by Jonas Brodin.
17:14 of 1st period - Wrist shot by Zach Parise.
17:14 of 1st period - Shot Misses the Net.
17:16 of 1st period - Slapshot by Matt Dumba.
17:16 of 1st period - Stopped by Connor Ingram with a rebound.
17:40 of 1st period - Casey Cizikas is hit by Brayden McNabb and loses puck.
18:49 of 1st period - Icing by Brayden McNabb.
18:50 of 1st period - Casey Cizikas wins face-off versus Charlie Coyle in Arizona Coyotes zone.
19:12 of 1st period - Minor Penalty to Radko Gudas for Holding Stick.
19:13 of 1st period - Andrew Copp wins face-off versus Charlie Coyle in Arizona Coyotes zone.
Goals for this period are 1 for Arizona Coyotes vs 0 for Philadelphia Flyers.
Shots for this period are 9 for Arizona Coyotes vs 7 for Philadelphia Flyers.
2nd period
0:01 of 2nd period - Charlie Coyle wins face-off versus Andrew Copp in neutral zone.
1:12 of 2nd period - Penalty to Radko Gudas is over, Radko Gudas is back on ice.
1:26 of 2nd period - Snap shot by Ryan Donato.
1:26 of 2nd period - Goal by Ryan Donato - Arizona Coyotes : 2 - Philadelphia Flyers : 0.
1:27 of 2nd period - Charlie Coyle wins face-off versus Matt Duchene in neutral zone.
2:06 of 2nd period - Wrist shot by Tyler Johnson.
2:06 of 2nd period - Stopped by Petr Mrazek without a rebound.
2:07 of 2nd period - Mason McTavish wins face-off versus Auston Matthews in Arizona Coyotes zone.
2:16 of 2nd period - Snap shot by Auston Matthews.
2:16 of 2nd period - Shot Misses the Net.
2:34 of 2nd period - Jonas Brodin is hit by Ross Colton and loses puck.
2:59 of 2nd period - Marcus Johansson is hit by Charlie Coyle and loses puck.
3:46 of 2nd period - Alexander Wennberg is hit by Ryan Donato and loses puck.
3:55 of 2nd period - Snap shot by Andrew Copp.
3:55 of 2nd period - Stopped by Petr Mrazek with a rebound.
4:23 of 2nd period - Slapshot by Matt Duchene.
4:23 of 2nd period - Shot Misses the Net.
4:35 of 2nd period - Snap shot by Mason McTavish.
4:35 of 2nd period - Stopped by Connor Ingram without a rebound.
4:36 of 2nd period - Casey Cizikas wins face-off versus Mason McTavish in Philadelphia Flyers zone.
4:41 of 2nd period - Mason McTavish is hit by Casey Cizikas.
5:25 of 2nd period - Snap shot by Sonny Milano.
5:25 of 2nd period - Shot Misses the Net.
5:27 of 2nd period - Slapshot by Jonas Brodin.
5:27 of 2nd period - Deflect By Sean Kuraly.
5:27 of 2nd period - Shot Misses the Net.
5:27 of 2nd period - Puck is out of play.
5:28 of 2nd period - Charlie Coyle wins face-off versus Radek Faksa in Arizona Coyotes zone.
5:43 of 2nd period - Slapshot by Mats Zuccarello.
5:43 of 2nd period - Goal by Mats Zuccarello - Arizona Coyotes : 3 - Philadelphia Flyers : 0.
5:44 of 2nd period - Casey Cizikas wins face-off versus Tyler Seguin in neutral zone.
5:46 of 2nd period - Minor Penalty to Justin Faulk for High sticking.
5:47 of 2nd period - Casey Cizikas wins face-off versus Charlie Coyle in Philadelphia Flyers zone.
6:15 of 2nd period - Minor Penalty to Mason McTavish for Tripping.
6:16 of 2nd period - Auston Matthews wins face-off versus Charlie Coyle in Arizona Coyotes zone.
6:19 of 2nd period - Snap shot by Bryan Rust.
6:19 of 2nd period - Shot Misses the Net.
6:34 of 2nd period - Icing by Jonas Brodin.
6:35 of 2nd period - Tyler Seguin wins face-off versus Auston Matthews in Philadelphia Flyers zone.
6:40 of 2nd period - Slapshot by Tyler Seguin.
6:40 of 2nd period - Shot Misses the Net.
6:42 of 2nd period - Slapshot by Radko Gudas.
6:42 of 2nd period - Stopped by Connor Ingram with a rebound.
6:44 of 2nd period - Slapshot by Brayden McNabb.
6:44 of 2nd period - Shot Blocked by Auston Matthews.
6:48 of 2nd period - Slapshot by Ross Colton.
6:48 of 2nd period - Arizona Coyotes goal is going for a video replay.
6:48 of 2nd period - The goal is good.
6:48 of 2nd period - Goal by Ross Colton - Arizona Coyotes : 4 - Philadelphia Flyers : 0.
6:49 of 2nd period - Tyler Seguin wins face-off versus Andrew Copp in neutral zone.
6:52 of 2nd period - Vladimir Tarasenko is hit by Radko Gudas and loses puck.
7:25 of 2nd period - Snap shot by Charlie Coyle.
7:25 of 2nd period - Shot Misses the Net.
7:46 of 2nd period - Penalty to Justin Faulk is over, Justin Faulk is back on ice.
8:15 of 2nd period - Penalty to Mason McTavish is over, Mason McTavish is back on ice.
8:25 of 2nd period - Jared Spurgeon is hit by Sean Kuraly and loses puck.
9:31 of 2nd period - Slapshot by Mason McTavish.
9:31 of 2nd period - Shot Misses the Net.
9:33 of 2nd period - Wrist shot by Mats Zuccarello.
9:33 of 2nd period - Stopped by Connor Ingram with a rebound.
9:35 of 2nd period - Backhand shot by Jared Spurgeon.
9:35 of 2nd period - Stopped by Connor Ingram with a rebound.
9:37 of 2nd period - Snap shot by Radko Gudas.
9:37 of 2nd period - Shot Misses the Net.
9:43 of 2nd period - Snap shot by Mats Zuccarello.
9:43 of 2nd period - Shot Hit the Post.
9:45 of 2nd period - Snap shot by Radko Gudas.
9:45 of 2nd period - Shot Blocked by Tyler Johnson.
9:57 of 2nd period - Snap shot by Mats Zuccarello.
9:57 of 2nd period - Stopped by Connor Ingram with a rebound.
9:59 of 2nd period - Wrist shot by Charlie Coyle.
9:59 of 2nd period - Stopped by Connor Ingram without a rebound.
10:00 of 2nd period - Ross Colton wins face-off versus Auston Matthews in Philadelphia Flyers zone.
10:09 of 2nd period - Snap shot by Ryan Donato.
10:09 of 2nd period - Stopped by Connor Ingram with a rebound.
10:11 of 2nd period - Minor Penalty to Bryan Rust for Tripping.
10:12 of 2nd period - Ross Colton wins face-off versus Casey Cizikas in Philadelphia Flyers zone.
11:00 of 2nd period - Justin Faulk is hit by Jared Spurgeon and loses puck.
11:50 of 2nd period - Connor Murphy is hit by Radko Gudas and loses puck.
12:11 of 2nd period - Penalty to Bryan Rust is over, Bryan Rust is back on ice.
12:21 of 2nd period - Snap shot by Andrew Copp.
12:21 of 2nd period - Deflect By Bryan Rust.
12:21 of 2nd period - Stopped by Petr Mrazek with a rebound.
12:33 of 2nd period - Snap shot by Bryan Rust.
12:33 of 2nd period - Goal by Bryan Rust - Arizona Coyotes : 4 - Philadelphia Flyers : 1.
12:34 of 2nd period - Mason McTavish wins face-off versus Casey Cizikas in neutral zone.
12:39 of 2nd period - Wrist shot by Brandon Tanev.
12:39 of 2nd period - Shot Misses the Net.
12:59 of 2nd period - Mason McTavish is hit by Connor Murphy and loses puck.
13:20 of 2nd period - Wrist shot by Mason McTavish.
13:20 of 2nd period - Shot Misses the Net.
13:22 of 2nd period - Slapshot by Erik Haula.
13:22 of 2nd period - Shot Hit the Post.
13:44 of 2nd period - Wrist shot by Marcus Johansson.
13:44 of 2nd period - Stopped by Petr Mrazek with a rebound.
13:46 of 2nd period - Wrist shot by Casey Cizikas.
13:46 of 2nd period - Stopped by Petr Mrazek without a rebound.
13:47 of 2nd period - Casey Cizikas wins face-off versus Charlie Coyle in Arizona Coyotes zone.
15:02 of 2nd period - Off-side.
15:03 of 2nd period - Casey Cizikas wins face-off versus Charlie Coyle in neutral zone.
15:17 of 2nd period - Casey Cizikas is hit by Mats Zuccarello.
15:39 of 2nd period - Slapshot by Auston Matthews.
15:39 of 2nd period - Shot Misses the Net.
16:13 of 2nd period - Snap shot by Ondrej Palat.
16:13 of 2nd period - Stopped by Connor Ingram without a rebound.
16:14 of 2nd period - Casey Cizikas wins face-off versus Charlie Coyle in Philadelphia Flyers zone.
16:16 of 2nd period - Minor Penalty to Justin Faulk for Holding.
16:17 of 2nd period - Charlie Coyle wins face-off versus Casey Cizikas in Philadelphia Flyers zone.
17:59 of 2nd period - Icing by Radko Gudas.
18:00 of 2nd period - Charlie Coyle wins face-off versus Casey Cizikas in Arizona Coyotes zone.
18:16 of 2nd period - Penalty to Justin Faulk is over, Justin Faulk is back on ice.
18:27 of 2nd period - Auston Matthews is hit by Ryan Donato.
19:15 of 2nd period - Snap shot by Sonny Milano.
19:15 of 2nd period - Stopped by Petr Mrazek without a rebound.
19:16 of 2nd period - Ross Colton wins face-off versus Casey Cizikas in Arizona Coyotes zone.
19:41 of 2nd period - Brayden McNabb is hit by Justin Faulk and loses puck.
Goals for this period are 3 for Arizona Coyotes vs 1 for Philadelphia Flyers.
Shots for this period are 11 for Arizona Coyotes vs 7 for Philadelphia Flyers.
3rd period
0:01 of 3rd period - Mats Zuccarello wins face-off versus Tyler Johnson in neutral zone.
0:36 of 3rd period - Snap shot by Auston Matthews.
0:36 of 3rd period - Shot Misses the Net.
0:38 of 3rd period - Slapshot by Auston Matthews.
0:38 of 3rd period - Deflect By Erik Haula.
0:38 of 3rd period - Goal by Auston Matthews - Arizona Coyotes : 4 - Philadelphia Flyers : 2.
0:39 of 3rd period - Casey Cizikas wins face-off versus Charlie Coyle in neutral zone.
0:42 of 3rd period - Wrist shot by Marcus Johansson.
0:42 of 3rd period - Shot Hit the Post.
0:44 of 3rd period - Minor Penalty to Charlie Coyle for Tripping.
0:45 of 3rd period - Zach Parise wins face-off versus Andrew Copp in Arizona Coyotes zone.
1:14 of 3rd period - Wrist shot by Auston Matthews.
1:14 of 3rd period - Shot Blocked by Radko Gudas.
1:16 of 3rd period - Snap shot by Vladimir Tarasenko.
1:16 of 3rd period - Shot Misses the Net.
1:18 of 3rd period - Snap shot by Bryan Rust.
1:18 of 3rd period - Shot Misses the Net.
1:20 of 3rd period - Snap shot by Vladimir Tarasenko.
1:20 of 3rd period - Stopped by Petr Mrazek with a rebound.
2:44 of 3rd period - Penalty to Charlie Coyle is over, Charlie Coyle is back on ice.
2:58 of 3rd period - Snap shot by Mark Jankowski.
2:58 of 3rd period - Shot Misses the Net.
3:00 of 3rd period - Wrist shot by Matt Dumba.
3:00 of 3rd period - Shot Misses the Net.
3:02 of 3rd period - Snap shot by Ondrej Palat.
3:02 of 3rd period - Stopped by Connor Ingram with a rebound.
3:12 of 3rd period - Marcus Johansson is hit by Anthony Deangelo and loses puck.
3:56 of 3rd period - Off-side.
3:57 of 3rd period - Casey Cizikas wins face-off versus Charlie Coyle in neutral zone.
4:00 of 3rd period - Slapshot by Connor Murphy.
4:00 of 3rd period - Shot Blocked by Radko Gudas.
4:26 of 3rd period - Wrist shot by Sean Kuraly.
4:26 of 3rd period - Stopped by Petr Mrazek with a rebound.
4:38 of 3rd period - Slapshot by Auston Matthews.
4:38 of 3rd period - Stopped by Petr Mrazek with a rebound.
4:54 of 3rd period - Ryan Donato is hit by Ben Chiarot and loses puck.
4:59 of 3rd period - Wrist shot by Matt Duchene.
4:59 of 3rd period - Shot Misses the Net.
5:01 of 3rd period - Wrist shot by Alexander Wennberg.
5:01 of 3rd period - Shot Misses the Net.
5:34 of 3rd period - Slapshot by Sean Kuraly.
5:34 of 3rd period - Shot Blocked by Ondrej Palat.
5:59 of 3rd period - Slapshot by Jakob Silfverberg.
5:59 of 3rd period - Stopped by Connor Ingram without a rebound.
6:00 of 3rd period - Mason McTavish wins face-off versus Casey Cizikas in Philadelphia Flyers zone.
6:29 of 3rd period - Off-side.
6:30 of 3rd period - Charlie Coyle wins face-off versus Auston Matthews in neutral zone.
6:37 of 3rd period - Snap shot by Charlie Coyle.
6:37 of 3rd period - Shot Misses the Net.
6:39 of 3rd period - Slapshot by Jani Hakanpaa.
6:39 of 3rd period - Shot Misses the Net.
6:41 of 3rd period - Wrist shot by Mats Zuccarello.
6:41 of 3rd period - Shot Misses the Net.
6:43 of 3rd period - Wrist shot by Charlie Coyle.
6:43 of 3rd period - Stopped by Connor Ingram with a rebound.
6:45 of 3rd period - Slapshot by Charlie Coyle.
6:45 of 3rd period - Stopped by Connor Ingram without a rebound.
6:46 of 3rd period - Andrew Copp wins face-off versus Mason McTavish in Philadelphia Flyers zone.
6:53 of 3rd period - Snap shot by Andrew Copp.
6:53 of 3rd period - Stopped by Petr Mrazek with a rebound.
7:21 of 3rd period - Snap shot by Tyler Johnson.
7:21 of 3rd period - Shot Blocked by Jani Hakanpaa.
7:52 of 3rd period - Icing by Matt Roy.
7:53 of 3rd period - Radek Faksa wins face-off versus Mark Jankowski in Philadelphia Flyers zone.
7:58 of 3rd period - Wrist shot by Sean Kuraly.
7:58 of 3rd period - Stopped by Petr Mrazek without a rebound.
7:59 of 3rd period - Radek Faksa wins face-off versus Charlie Coyle in Arizona Coyotes zone.
8:00 of 3rd period - Wrist shot by Sean Kuraly.
8:00 of 3rd period - Stopped by Petr Mrazek with a rebound.
8:49 of 3rd period - Erik Haula is hit by Matt Duchene and loses puck.
8:54 of 3rd period - Snap shot by Matt Duchene.
8:54 of 3rd period - Shot Misses the Net.
8:56 of 3rd period - Snap shot by Alexander Wennberg.
8:56 of 3rd period - Shot Blocked by Mason McTavish.
8:58 of 3rd period - Wrist shot by Matt Duchene.
8:58 of 3rd period - Shot Blocked by Jani Hakanpaa.
9:00 of 3rd period - Slapshot by Alexander Wennberg.
9:00 of 3rd period - Stopped by Petr Mrazek with a rebound.
9:02 of 3rd period - Snap shot by Matt Roy.
9:02 of 3rd period - Stopped by Petr Mrazek with a rebound.
9:33 of 3rd period - Slapshot by Jakob Silfverberg.
9:33 of 3rd period - Shot Blocked by Bryan Rust.
9:35 of 3rd period - Slapshot by Jani Hakanpaa.
9:35 of 3rd period - Shot Blocked by Justin Faulk.
9:37 of 3rd period - Slapshot by Jani Hakanpaa.
9:37 of 3rd period - Shot Misses the Net.
9:39 of 3rd period - Slapshot by Jani Hakanpaa.
9:39 of 3rd period - Shot Blocked by Bryan Rust.
9:41 of 3rd period - Slapshot by Jani Hakanpaa.
9:41 of 3rd period - Stopped by Connor Ingram without a rebound.
9:42 of 3rd period - Andrew Copp wins face-off versus Charlie Coyle in Philadelphia Flyers zone.
9:47 of 3rd period - Charlie Coyle is hit by Alexander Wennberg and loses puck.
10:10 of 3rd period - Jonas Brodin is hit by Erik Haula and loses puck.
10:41 of 3rd period - Wrist shot by Bryan Rust.
10:41 of 3rd period - Stopped by Petr Mrazek without a rebound.
10:42 of 3rd period - Andrew Copp wins face-off versus Charlie Coyle in Arizona Coyotes zone.
10:54 of 3rd period - Off-side.
10:55 of 3rd period - Auston Matthews wins face-off versus Charlie Coyle in neutral zone.
11:25 of 3rd period - Slapshot by Matt Roy.
11:25 of 3rd period - Shot Misses the Net.
11:50 of 3rd period - Wrist shot by Marcus Johansson.
11:50 of 3rd period - Stopped by Petr Mrazek with a rebound.
12:02 of 3rd period - Minor Penalty to Erik Haula for Delaying the game.
12:03 of 3rd period - Andrew Copp wins face-off versus Tyler Seguin in Arizona Coyotes zone.
12:12 of 3rd period - Snap shot by Matt Duchene.
12:12 of 3rd period - Shot Misses the Net.
12:14 of 3rd period - Slapshot by Justin Faulk.
12:14 of 3rd period - Stopped by Petr Mrazek with a rebound.
13:13 of 3rd period - Matt Duchene is hit by Charlie Coyle and loses puck.
14:02 of 3rd period - Penalty to Erik Haula is over, Erik Haula is back on ice.
14:10 of 3rd period - Wrist shot by Radek Faksa.
14:10 of 3rd period - Shot Blocked by Ondrej Palat.
14:12 of 3rd period - Snap shot by Sonny Milano.
14:12 of 3rd period - Stopped by Petr Mrazek with a rebound.
14:14 of 3rd period - Slapshot by Sonny Milano.
14:14 of 3rd period - Shot Blocked by Mark Jankowski.
14:16 of 3rd period - Wrist shot by Radek Faksa.
14:16 of 3rd period - Shot Blocked by Ondrej Palat.
14:18 of 3rd period - Snap shot by Sonny Milano.
14:18 of 3rd period - Shot Blocked by Jared Spurgeon.
14:28 of 3rd period - Slapshot by Ryan Donato.
14:28 of 3rd period - Shot Blocked by Sean Kuraly.
14:30 of 3rd period - Wrist shot by Ryan Donato.
14:30 of 3rd period - Shot Misses the Net.
14:32 of 3rd period - Wrist shot by Ross Colton.
14:32 of 3rd period - Shot Blocked by Matt Roy.
14:34 of 3rd period - Wrist shot by Ryan Donato.
14:34 of 3rd period - Deflect By Ross Colton.
14:34 of 3rd period - Shot Blocked by Radek Faksa.
14:34 of 3rd period - Puck is out of play.
14:35 of 3rd period - Ross Colton wins face-off versus Radek Faksa in Philadelphia Flyers zone.
14:46 of 3rd period - Slapshot by Ryan Donato.
14:46 of 3rd period - Stopped by Connor Ingram with a rebound.
14:48 of 3rd period - Wrist shot by Ryan Donato.
14:48 of 3rd period - Stopped by Connor Ingram with a rebound.
14:50 of 3rd period - Snap shot by Zach Parise.
14:50 of 3rd period - Shot Blocked by Sonny Milano.
14:52 of 3rd period - Slapshot by Matt Dumba.
14:52 of 3rd period - Deflect By Connor Murphy.
14:52 of 3rd period - Stopped by Connor Ingram with a rebound.
14:54 of 3rd period - Wrist shot by Ryan Donato.
14:54 of 3rd period - Shot Blocked by Connor Murphy.
14:58 of 3rd period - Wrist shot by Zach Parise.
14:58 of 3rd period - Shot Blocked by Connor Murphy.
15:20 of 3rd period - Snap shot by Ryan Donato.
15:20 of 3rd period - Stopped by Connor Ingram without a rebound.
15:21 of 3rd period - Casey Cizikas wins face-off versus Charlie Coyle in Philadelphia Flyers zone.
15:49 of 3rd period - Matt Dumba is hit by Justin Faulk.
16:31 of 3rd period - Slapshot by Anthony Deangelo.
16:31 of 3rd period - Shot Misses the Net.
16:33 of 3rd period - Snap shot by Jakob Silfverberg.
16:33 of 3rd period - Stopped by Connor Ingram without a rebound.
16:34 of 3rd period - Auston Matthews wins face-off versus Mark Jankowski in Philadelphia Flyers zone.
17:23 of 3rd period - Justin Faulk is hit by Mats Zuccarello and loses puck.
18:15 of 3rd period - Radko Gudas is hit by Jonas Brodin and loses puck.
18:28 of 3rd period - Slapshot by Brayden McNabb.
18:28 of 3rd period - Shot Misses the Net.
18:36 of 3rd period - Slapshot by Brayden McNabb.
18:36 of 3rd period - Stopped by Connor Ingram with a rebound.
19:44 of 3rd period - Jared Spurgeon is hit by Bryan Rust.
Goals for this period are 0 for Arizona Coyotes vs 1 for Philadelphia Flyers.
Shots for this period are 11 for Arizona Coyotes vs 13 for Philadelphia Flyers.
Back to the Top